 Dungeon Crawl Stone Soup version 0.27.1-34-g3ba077fa99 (webtiles) character file.

Game seed: 10943016491005754826

1281 ticklebelly the Fighter (level 8, -7/111 HPs)
             Began as a Minotaur Berserker on Jan 7, 2022.
             Was a Priest of Trog.
             Killed from afar by an orc (16 damage)
             ... with a bolt of acid
             ... on level 6 of the Dungeon.
             The game lasted 00:08:22 (4976 turns).

ticklebelly the Fighter (Minotaur Berserker)        Turns: 4976, Time: 00:08:23

Health: -7/111     AC:  7    Str: 23    XL:     8   Next: 29%
Magic:  7/7        EV: 11    Int:  4    God:    Trog [***...]
Gold:   221        SH:  0    Dex: 11    Spells: 7/7 levels left

rFire    . . .     SeeInvis .   c - +0 war axe (vorpal)
rCold    . . .     Faith    .   (no shield)
rNeg     . . .     Spirit   .   j - +0 ring mail
rPois    +         Reflect  .   (helmet restricted)
rElec    .         Harm     .   (no cloak)
rCorr    .         Rampage  .   k - +0 pair of gloves
Will     +....                  (no boots)
Stlth    ..........             (no amulet)
HPRegen  0.28/turn              g - ring of poison resistance
MPRegen  0.10/turn              v - ring of willpower

@: berserking, very quick
A: horns 2, retaliatory headbutt
a: Renounce Religion, Berserk, Trog's Hand


You were on level 6 of the Dungeon.
You worshipped Trog.
Trog was most pleased with you.
You visited 1 branch of the dungeon, and saw 6 of its levels.

You collected 221 gold pieces.

Inventory:

Hand Weapons
 c - a +0 vorpal war axe (weapon)
Missiles
 u - 2 boomerangs (quivered)
Armour
 e - a +0 kite shield
 j - a +0 ring mail (worn)
 k - a +0 pair of gloves (worn)
 p - a +0 plate armour
Jewellery
 g - a ring of poison resistance (left hand)
 q - a ring of protection from fire
 v - a ring of willpower (right hand)
Scrolls
 a - 3 scrolls of teleportation {unknown}
 f - 2 scrolls of amnesia {unknown}
 i - 4 scrolls of fear {unknown}
 l - a scroll of enchant weapon {unknown}
 m - a scroll of magic mapping {unknown}
 o - 2 scrolls of vulnerability {unknown}
 r - a scroll of identify {unknown}
Potions
 b - 3 potions of curing {unknown}
 d - a potion of resistance {unknown}
 h - a potion of degeneration {unknown}
 n - a potion of haste {unknown}
 s - a potion of attraction {unknown}
 t - a potion of mutation {unknown}
 w - 2 potions of heal wounds {unknown}


   Skills:
 + Level 8.2 Fighting
 + Level 8.1 Axes
 + Level 6.6 Armour
 - Level 2.1 Dodging


You had 7 spell levels left.
You didn't know any spells.
Your spell library was empty.

Dungeon Overview and Level Annotations

Branches:
Dungeon (6/15)             Temple (0/1) D:6

Altars:

Shops:
D:1 =[?   D:5 *


Innate Abilities, Weirdness & Mutations

You have a pair of horns on your head.
You reflexively headbutt those who attack you in melee.


Message History

The ice beast is severely wounded.
The orc priest looks braver for a moment.
The orc hits you but does no damage. The ice beast hits you.
The ice beast freezes you!
You slash the ice beast!
You kill the ice beast!
Trog accepts your kill. The orc hits you but does no damage.
The orc priest mumbles some strange prayers to Beogh against you.
Beogh smites you!
Your Axes skill increases to level 8!
You hit the orc priest. Your headbutt misses the orc priest.
The orc priest is lightly wounded.
The orc barely misses you. The orc priest hits you with a +0 club.
The orc closely misses you.
You closely miss the orc priest.
The orc priest is lightly wounded.
The orc priest hits you with a +0 club.
An orc comes into view.
It is wielding a +0 whip and carrying a wand of acid (4).
The orc hits you but does no damage.
A red film seems to cover your vision as you go berserk!
You feel yourself moving faster!
You feel mighty! The orc priest barely misses you. The orc misses you.
You slash the orc priest!
You kill the orc priest!
Trog accepts your kill. The orc hits you but does no damage.
An orc comes into view. It is wielding a +0 hand axe.
Items here: ))) [ ††.
The orc shouts!
You slice the orc!!
You kill the orc!
Trog accepts your kill.
The orc zaps a wand.
The bolt of acid hits you!!
* * * LOW HITPOINT WARNING * * *
You are splashed with acid!
* * * LOW HITPOINT WARNING * * *
An orc comes into view. It is wielding a +0 hand axe.
The orc zaps a wand.
The bolt of acid hits you!
You die...

#.# #.# ..o.... ##.##
#..o.. #...# #....
#...# #... #...# #..
#####...##### #.#
#...........####.#
...............)@#
#..........>#####o....#
#####...##### ..####
...##...# ....
##.##...# .#### #...#
.# ...## .# .#


You could see 3 orcs.

Vanquished Creatures
  Menkaure (D:5)
  2 ice beasts
  A necrophage (D:5)
  2 scorpions
  A water moccasin zombie (D:6)
  2 centaur zombies
  2 hounds (D:5)
  A centaur skeleton (D:5)
  A jelly (D:5)
  4 orc priests
  Natasha (thrice) (D:3)
  An iguana (D:5)
  4 orc wizards
  A hound skeleton (D:5)
  3 gnolls (D:5)
  2 howler monkey skeletons (D:4)
  6 adders
  A white imp (D:5)
  An adder skeleton (D:3)
  3 worms (D:3)
  3 dart slugs
  22 orcs
  6 endoplasms
  6 giant cockroaches
  4 goblins
  3 hobgoblins
  7 quokkas
  5 ball pythons
  5 bats
  2 frilled lizards (D:1)
  3 kobolds (D:1)
  4 rats
112 creatures vanquished.

Notes
Turn   | Place    | Note
-------+----------+-------------------------------------------
     0 | D:1      | ticklebelly the Minotaur Berserker began the quest for the
                  | Orb.
     0 | D:1      | Reached XP level 1. HP: 19/19 MP: 0/0
     6 | D:1      | Noticed an electric eel
     7 | D:1      | Noticed an electric eel
    44 | D:1      | Found Jecriruck's Magic Scroll Shop.
    81 | D:1      | Reached XP level 2. HP: 27/27 MP: 1/1
   370 | D:1      | Found Huor's Antique Armour Boutique.
   577 | D:1      | Found Omoyxaez's Jewellery Shop.
   769 | D:2      | Reached XP level 3. HP: 34/34 MP: 2/2
   774 | D:2      | Reached ** piety under Trog
   794 | D:2      | Found a faded altar of an unknown god.
  1736 | D:3      | Reached XP level 4. HP: 37/41 MP: 3/3
  1740 | D:3      | Reached skill level 5 in Fighting
  1880 | D:3      | Noticed Natasha
  1888 | D:3      | Killed Natasha
  1889 | D:3      | Reached skill level 5 in Axes
  2021 | D:3      | Noticed Natasha
  2028 | D:3      | Killed Natasha
  2057 | D:3      | Noticed Natasha
  2063 | D:3      | Killed Natasha
  2064 | D:3      | Reached XP level 5. HP: 27/48 MP: 4/4
  2376 | D:3      | Noticed an ice beast
  2380 | D:3      | Killed an ice beast
  2381 | D:3      | Reached XP level 6. HP: 43/57 MP: 5/5
  3883 | D:5      | Entered Level 5 of the Dungeon
  3963 | D:5      | Reached *** piety under Trog
  3964 | D:5      | Reached XP level 7. HP: 62/64 MP: 6/6
  4127 | D:5      | Reached skill level 5 in Armour
  4556 | D:5      | Noticed Menkaure
  4559 | D:5      | Killed Menkaure
  4560 | D:5      | Reached XP level 8. HP: 74/74 MP: 7/7
  4600 | D:5      | Found Webburr's Serpentskin Sales.
  4787 | D:6      | Found a staircase to the Ecumenical Temple.
  4976 | D:6      | Killed from afar by an orc

Illustrated notes

Levels and vault maps discovered:
D:1:      arrival_aquarium_b, layout_basic, serial_shops,
          nicolae_shop_statue_plus, shop, shop
D:2:      layout_basic, shapermc_ecumenical_altar_venn
D:3:      layout_loops_ring, bh_walls_and_bars, uniq_natasha
D:4:      layout_layer_cave
D:5:      layout_loops_ring, guppyfry_shop_venom, uniq_menkaure
D:6:      layout_loops_cross, nicolae_overflow_hidden_temple,
          minmay_temple_entry_offerings, uniq_crazy_yiuf_cottage

Skill      XL: |  1  2  3  4  5  6  7  8 |
---------------+-------------------------+-----
Fighting       | 4 5 6 7 8 |  8.2
Axes           | 4 5 6 7 8 |  8.1
Armour         | 3 4 6 |  6.6
Dodging        | |  2.1

Action                   |  1- 3 |  4- 6 |  7- 9 || total
-------------------------+-------+-------+-------++-------
Melee: War axe           |    74 |   100 |    70 ||   244
       Headbutt          |    11 |    15 |    12 ||    38
Invok: Berserk           |       |       |     2 ||     2
       Trog's Hand       |       |       |     1 ||     1
Armor: Leather armour    |    15 |       |       ||    15
       Animal skin       |     1 |       |       ||     1
       Ring mail         |     4 |    43 |    25 ||    72
Dodge: Dodged            |    67 |    70 |    38 ||   175
